 Dungeon Crawl Stone Soup version 0.31-a0-640-g39d97e502b (webtiles) character file.

Game seed: 2238136108882593971

96 qw the Shooter (level 4, -1/28 HPs)
             Began as a Gargoyle Hunter on Aug 27, 2023.
             Slain by an ice beast (12 damage)
             ... on level 4 of the Dungeon.
             The game lasted 00:00:45 (1905 turns).

qw the Shooter (Gargoyle Hunter)                    Turns: 1905, Time: 00:00:46

Health: -1/28      AC:  8    Str: 15    XL:     4   Next: 67%
Magic:  4/4        EV: 11    Int:  9    God:
Gold:   61         SH:  0    Dex: 15    Spells: 3/3 levels left

rFire   . . .        Y - +0 shortbow (freeze)
rCold   . . .        (shield currently unavailable)
rNeg    + . .        f - +0 ring mail
rPois   inf          (no helmet)
rElec   +            (no cloak)
rCorr   .            (no gloves)
SInv    .            (no boots)
Will    .....        (no amulet)
Stlth   +            (no ring)
HPRegen 0.24/turn    (no ring)
MPRegen 0.09/turn

%: no passive effects
@: no status effects
A: sickness immunity, AC +3, negative energy resistance 1, electricity
resistance, torment resistance 1, petrification resistance
a: no special abilities


You were on level 4 of the Dungeon.
You visited 2 branches of the dungeon, and saw 5 of its levels.

You collected 97 gold pieces.
You spent 36 gold pieces at shops.


Innate Abilities, Weirdness & Mutations

You are immune to sickness and miasma.
Your stone body is resilient. (AC +3)
You are immune to poison.
You resist negative energy. (rN+)
You are resistant to electric shocks. (rElec)
You are resistant to unholy torment.
You are immune to petrification.


   Skills:
 - Level 3.3 Fighting
 + Level 5.1 Ranged Weapons
 - Level 1.5 Armour
 - Level 1.5 Dodging
 - Level 1.1 Stealth


You had 3 spell levels left.
You didn't know any spells.
Your spell library was empty.

Inventory:

Hand Weapons
 Y - a +0 shortbow of freezing (weapon)
Armour
 f - a +0 ring mail (worn)
Jewellery
 b - a ring of ice
 e - a ring of fire
 j - an amulet of the acrobat
 k - a +6 ring of strength
Scrolls
 g - a scroll of identify
 i - a scroll of blinking {unknown}
Potions
 a - a potion of haste
 c - a potion of enlightenment
 d - a potion of magic {unknown}
 h - 3 potions of curing

Dungeon Overview and Level Annotations

Branches:
Dungeon (4/15)             Temple (1/1) D:4

Altars:
Cheibriados
Dithmenos
Elyvilon
Fedhas
Hepliaklqana
Makhleb
Nemelex Xobeh
Qazlal
Ru
Sif Muna
Trog
Uskayaw
Vehumet
Wu Jian
Yredelemnul
Zin

Shops:
D:1 [(=   D:3 !


Message History

You can access your shopping list by pressing '$'.
You now have 51 gold pieces (gained 13).
Things that are here:
5 poisoned darts; a +0 whip; a kobold corpse
i - a scroll labelled ZATU WEAFEO
Found a stone staircase leading down.
You now have 53 gold pieces (gained 2).
You now have enough gold to buy a +0 pair of boots on D:1.
You can access your shopping list by pressing '$'.
You now have 61 gold pieces (gained 8).
j - an amulet of the acrobat
Enter note:
Enter note:
k - a +6 ring of strength
Found a ring mail.
An ice beast comes into view.
Found a scroll of identify.
You shoot an arrow. The arrow barely misses the ice beast.
You shoot an arrow.
The arrow hits the ice beast but does no damage.
The ice beast hits you but does no damage.
You shoot an arrow.
The arrow hits the ice beast but does no damage.
The ice beast completely misses you.
You shoot an arrow. The arrow barely misses the ice beast.
The ice beast barely misses you.
You shoot an arrow. The arrow closely misses the ice beast.
The ice beast hits you. The ice beast freezes you!
You shoot an arrow. The arrow hits the ice beast.
The ice beast is moderately wounded.
The ice beast hits you but does no damage. x2
You shoot an arrow. The arrow hits the ice beast.
The ice beast is moderately wounded.
The ice beast hits you but does no damage.
You shoot an arrow. The arrow hits the ice beast.
The ice beast is moderately wounded.
The ice beast closely misses you.
You shoot an arrow. The arrow barely misses the ice beast.
The ice beast hits you. The ice beast freezes you!
You die...

#########.##
.######..(...
#.#
...........#####
#.# ....######.#
#.# ....# #.#
#.# .?..# #.#
#.# ....# #.#
#.# ....# #.#
#.##Y./.# #.#
#..@..# #.#
#.############.#
#.#............#
###.############
#.# #.# #.# #.#
#.#


You could see an ice beast.

Vanquished Creatures
  An orc priest (D:3)
  An adder (D:2)
  2 worms (D:3)
  2 dart slugs
  4 orcs (D:3)
  7 ball pythons
  2 endoplasms
  3 giant cockroaches
  A goblin (D:3)
  5 hobgoblins
  4 kobolds
  2 quokkas (D:1)
  A bat (D:3)
  5 frilled lizards
  3 rats
43 creatures vanquished.

Notes
Turn   | Place    | Note
-------+----------+-------------------------------------------
     0 | D:1      | qw the Gargoyle Hunter began the quest for the Orb.
     0 | D:1      | Reached XP level 1. HP: 12/12 MP: 1/1
     0 | D:1      | 0 ||| qw: Version: 0.3-a-74-g56b0e0c
     0 | D:1      | 0 ||| qw: Game counter: 3
     0 | D:1      | 0 ||| qw: Melee chars always use a shield: true
     0 | D:1      | 0 ||| qw: God list: Okawaru
     0 | D:1      | 0 ||| qw: Allow faded altars: false
     0 | D:1      | 0 ||| qw: Do Orc after clearing Dungeon:15 true
     0 | D:1      | 0 ||| qw: Do second Lair branch before Depths: true
     0 | D:1      | 0 ||| qw: Lair rune preference: random
     0 | D:1      | 0 ||| qw: Goals: Normal
     0 | D:1      | 0 ||| PLANNING D:1-11
    28 | D:1      | Found Soupacky's Jewellery Emporium.
    42 | D:1      | 42 ||| SHOPLISTING +6 ring of strength (468 gold, have 0).
    42 | D:1      | 42 ||| SHOPLISTING amulet of faith (520 gold, have 0).
    42 | D:1      | 42 ||| SHOPLISTING ring of positive energy (260 gold, have
                  | 0).
    42 | D:1      | 42 ||| SHOPLISTING ring of protection from fire (325 gold,
                  | have 0).
    42 | D:1      | 42 ||| SHOPLISTING ring of see invisible (195 gold, have
                  | 0).
   110 | D:1      | Reached XP level 2. HP: 17/17 MP: 2/2
   124 | D:1      | Found Kaolimag's Antique Weapon Shoppe.
   264 | D:1      | Found Ritatep's Armour Emporium.
   275 | D:1      | 275 ||| SHOPLISTING +0 pair of boots (54 gold, have 22).
   275 | D:1      | 275 ||| SHOPLISTING +1 ring mail of cold resistance (192
                  | gold, have 22).
   275 | D:1      | 275 ||| SHOPLISTING +2 ring mail of fire resistance (252
                  | gold, have 22).
   433 | D:1      | 433 ||| UPGRADING to +0 ring mail.
   443 | D:1      | 443 ||| DROPPING +0 leather armour.
   444 | D:1      | 444 ||| READING scroll labelled NERIOR QA YFA.
   445 | D:1      | 445 ||| DROPPING scroll of butterflies.
   648 | D:2      | Reached XP level 3. HP: 21/21 MP: 3/3
   713 | D:2      | Reached skill level 1 in Armour
   717 | D:2      | Found a faded altar of an unknown god.
   717 | D:2      | Noticed a floating eye
   722 | D:2      | Noticed a golden eye
   722 | D:2      | Noticed a golden eye
   722 | D:2      | Noticed an eye of devastation
   949 | D:2      | 949 ||| READING 2 scrolls labelled ZYPHOING SIKKE.
  1138 | D:3      | Reached skill level 5 in Ranged Weapons
  1145 | D:3      | Found Ecvoatry's Distillery.
  1152 | D:3      | 1152 ||| SHOPLISTING 2 potions of resistance (240 gold,
                  | have 65).
  1152 | D:3      | 1152 ||| SHOPLISTING potion of cancellation (96 gold, have
                  | 65).
  1152 | D:3      | 1152 ||| BUYING potion of curing (36 gold).
  1152 | D:3      | Bought a potion of curing for 36 gold pieces
  1152 | D:3      | 1152 ||| SHOPLISTING potion of curing (36 gold, have 29).
  1152 | D:3      | 1152 ||| SHOPLISTING potion of haste (120 gold, have 29).
  1152 | D:3      | 1152 ||| SHOPLISTING potion of might (48 gold, have 29).
  1266 | D:3      | 1266 ||| RETREATING.
  1283 | D:3      | Reached skill level 3 in Fighting
  1283 | D:3      | Reached XP level 4. HP: 23/28 MP: 4/4
  1283 | D:3      | 1283 ||| FLEEEEING.
  1284 | D:3      | 1284 ||| FLEEEEING.
  1285 | D:3      | 1285 ||| FLEEEEING.
  1286 | D:3      | 1286 ||| FLEEEEING.
  1287 | D:3      | 1287 ||| FLEEEEING.
  1288 | D:3      | 1288 ||| FLEEEEING.
  1289 | D:3      | 1289 ||| FLEEEEING.
  1290 | D:3      | 1290 ||| FLEEEEING.
  1291 | D:3      | 1291 ||| FLEEEEING.
  1292 | D:3      | 1292 ||| FLEEEEING.
  1293 | D:3      | 1293 ||| FLEEEEING.
  1653 | D:3      | 1653 ||| READING scroll labelled QIOBLES YMUBE.
  1654 | D:3      | 1654 ||| READING scroll labelled SOSHRE QOTWIFE IWU.
  1655 | D:3      | 1655 ||| READING scroll labelled IFUTIKKIACIN.
  1656 | D:3      | 1656 ||| READING scroll labelled WUXTUY NUNGIN.
  1757 | D:3      | 1757 ||| DRINKING 2 yellow potions.
  1758 | D:3      | 1758 ||| READING 2 scrolls of identify.
  1758 | D:3      | 1758 ||| IDENTIFYING murky emerald potion
  1801 | D:4      | Found a staircase to the Ecumenical Temple.
  1802 | D:4      | 1802 ||| PLANNING TEMPLE
  1815 | Temple   | Entered the Ecumenical Temple
  1816 | Temple   | 1816 ||| PLANNING D:1-11
  1896 | D:4      | Noticed an ice beast
  1905 | D:4      | Slain by an ice beast

Levels and vault maps discovered:
D:1:      evilmike_arrival_crescent, layout_rooms, serial_shops,
          nicolae_shop_tiny_statue_garden, nicolae_shop_trees, shop
D:2:      layout_rooms, hellmonk_ecumenical_altar_watching_god,
          chequers_serial_rivers_small_b, eino_curves_04, chequers_avenue
D:3:      layout_loops_ring, serial_shops, nicolae_shop_trees, item_on_display_a
D:4:      layout_basic, minmay_temple_entry_butterflies
Temple:   nicolae_temple_superstar

Skill      XL: |  1  2  3 |
---------------+----------+-----
Armour         | 1 |  1.5
Ranged Weapons | 5 |  5.1
Fighting       | 3 |  3.3
Dodging        | |  1.5
Stealth        | |  1.1

Action                     |  1- 3 |  4- 6 || total
---------------------------+-------+-------++-------
   Fire: Shortbow          |   103 |    36 ||   139
    Use: Scroll            |     2 |     5 ||     7
         Potion            |       |     1 ||     1
 Armour: Leather armour    |     5 |       ||     5
         Ring mail         |     5 |     8 ||    13
  Dodge: Dodged            |    24 |     8 ||    32

Table legend:
 A = Non-vault XP
 B = Vault XP
 C = Vault XP percentage of total XP
 D = Non-vault monster count
 E = Vault monster count
 F = Vault count percentage of total count
                 A         B        C        D         E       F
            +---------+---------+-------+---------+---------+-------
      Total |     138 |       0 |   0.0 |      43 |       0 |   0.0
            +---------+---------+-------+---------+---------+-------
        D:1 |      27 |       0 |   0.0 |      15 |       0 |   0.0
        D:2 |      25 |       0 |   0.0 |       8 |       0 |   0.0
        D:3 |      81 |       0 |   0.0 |      17 |       0 |   0.0
        D:4 |       5 |       0 |   0.0 |       3 |       0 |   0.0
            +---------+---------+-------+---------+---------+-------
